 Dungeon Crawl Stone Soup version 0.23.2-33-g5129a83184 (webtiles) character file.

Game seed: 7642971784330958168

69 Folque the Conjurer (level 3, -2/28 HPs)
             Began as a Demigod Conjurer on July 28, 2019.
             Slain by Terence
             ... wielding a +0 hand axe
              (7 damage)
             ... on level 1 of the Dungeon.
             The game lasted 00:05:31 (2194 turns).

Folque the Conjurer (Demigod Conjurer)              Turns: 2194, Time: 00:05:32

Health: -2/28      AC:  3    Str:  9 (11) XL:     3   Next: 75%
Magic:  3/10       EV: 12    Int: 23 (26) God:
Gold:   102        SH:  0    Dex: 14 (16) Spells: 1/7 levels left

rFire    . . .     SeeInvis .   j - +0 short sword
rCold    . . .     Gourm    .   (no shield)
rNeg     . . .     Faith    .   a - +0 robe
rPois    .         Spirit   .   k - +0 helmet (curse)
rElec    .         Reflect  .   (no cloak)
rCorr    .         Harm     .   (no gloves)
MR       .....                  (no boots)
Stlth    ++........             (no amulet)
HPRegen  0.09/turn              (no ring)
MPRegen  0.12/turn              (no ring)

@: brilliant
A: high mp 1
a: no special abilities


You were on level 1 of the Dungeon.
You were hungry.

You visited 1 branch of the dungeon, and saw 2 of its levels.

You collected 102 gold pieces.

Inventory:

Hand Weapons
 j - a +0 short sword (weapon)
Armour
 a - a +0 robe (worn)
 b - a +0 ring mail
 k - a cursed +0 helmet (worn)
 o - a +0 buckler
Scrolls
 d - 2 scrolls of teleportation
 f - a scroll of identify
 i - a scroll of enchant weapon {unknown}
 n - a scroll of amnesia
 p - a scroll of enchant armour {unknown}
Potions
 m - a potion of lignification {unknown}
 q - 2 potions of heal wounds {unknown}
Comestibles
 c - 2 rations
 g - 7 chunks of flesh


   Skills:
 + Level 1.3 Fighting
 - Level 1.7 Dodging
 - Level 1.7 Stealth
 * Level 2.9 Spellcasting
 + Level 4.0 Conjurations


You had one spell level left.
You knew the following spells:

 Your Spells              Type           Power        Failure   Level  Hunger
a - Magic Dart            Conj           ####         1%          1    None
b - Searing Ray           Conj           #####.       1%          2    ##.....
c - Dazzling Spray        Conj/Hex       ####..       1%          3    ###....

Your spell library contained the following spells:

 Spells                   Type           Power        Failure   Level  Hunger
 Iskenderun's Mystic Bla  Conj           #####...     2%          4    ####...
 Force Lance              Conj/Tloc      ####....     6%          4    ####...
 Fulminant Prism          Conj/Hex       ####......   6%          4    ####...


Dungeon Overview and Level Annotations

Branches:
Dungeon (2/15)

Annotations:
D:1 Terence


Innate Abilities, Weirdness & Mutations

You have an increased reservoir of magic. (+10% MP)


Message History

Terence hits you with a +0 hand axe.
* * * LOW HITPOINT WARNING * * *
You climb upwards.
There is a stone staircase leading down here.
Terence bares his teeth.
You see here a +0 dagger.
Terence says, "Rest in peace."
Terence barely misses you.
You aren't carrying any items that you can evoke.
It was a potion of degeneration.
There was something very wrong with that liquid.
You feel weakened.
You feel dopey.
You feel clumsy.
It was a potion of cancellation.
You feel magically purged.
Terence says, "Don't bother to defend, it's pointless."
Terence hits you with a +0 hand axe.
* * * LOW HITPOINT WARNING * * *
It was a potion of brilliance.
You feel clever all of a sudden. Terence hits you with a +0 hand axe!
You die...

######### ##PP♣≈P..#
########### ### #PPP≈P..##
#.........# #.# #.PP≈PP.#
#.#######.# ##.#####≈≈≈P≈..#
#.......#.# #.......P.PP#.##
#.#####.#.####..#####..#...#
#.###.......##...## #.##.#####
#.......###.#.....###.##.....#
#.###.#.# #.@@...............#
#.###.#.###.##..#####.####...#
#...........##..# #.# ##.##
#####.########..#####.# #.#
###.##### #........# ##.#
#....)..# ##...###### #..#
#.#.###>###.....## ##.##
#....##.#........## ##..#
#..#.##...8#8.....####...###


You could see Terence.

Vanquished Creatures
  2 adders (D:2)
  4 dart slugs (D:1)
  A leopard gecko (D:2)
  2 giant cockroaches
  4 goblins
  5 hobgoblins
  4 jackals (D:2)
  A quokka (D:2)
  7 bats
  4 frilled lizards
  6 rats
40 creatures vanquished.

Notes
Turn   | Place    | Note
-------+----------+-------------------------------------------
     0 | D:1      | Folque the Demigod Conjurer began the quest for the Orb.
     0 | D:1      | Reached XP level 1. HP: 14/14 MP: 5/5
   912 | D:1      | Reached XP level 2. HP: 22/22 MP: 7/7
   919 | D:1      | Learned a level 2 spell: Searing Ray
  1395 | D:1      | Reached skill level 1 in Fighting
  1691 | D:2      | Reached XP level 3. HP: 28/28 MP: 9/9
  1739 | D:2      | Reached skill level 4 in Conjurations
  2078 | D:2      | Learned a level 3 spell: Dazzling Spray
  2086 | D:2      | Noticed Terence
  2194 | D:1      | Slain by Terence

Skill      XL: |  1  2  3 |
---------------+----------+-----
Spellcasting   | 2 |  2.9
Fighting       | 1 |  1.3
Conjurations   | 4 |  4.0
Dodging        | |  1.7
Stealth        | |  1.7

Action                   || total
-------------------------++-------
Melee: Dagger            ||    12
       Unarmed           ||     8
       Club              ||     3
       Short sword       ||    50
 Cast: Magic Dart        ||    12
       Searing Ray       ||     6
       Dazzling Spray    ||     4
  Use: Scroll            ||     5
       Potion            ||     3
 Stab: Sleeping          ||    10
       Distracted        ||     1
       Invisible         ||     1
  Eat: Chunk             ||     4
Armor: Robe              ||     8
Dodge: Dodged            ||    48
